 Dungeon Crawl Stone Soup version 0.28-a0-1624-g820543e53a (webtiles) character file.

Game seed: 14895188257586303012

56 Shayle the Sneak (level 4, 0/33 HPs)
             Began as a Djinni Warper on Jan 23, 2022.
             Slain by a gnoll (1 damage)
             ... on level 2 of the Dungeon.
             The game lasted 00:05:44 (2464 turns).

Shayle the Sneak (Djinni Warper)                    Turns: 2464, Time: 00:05:45

Health: 0/33       AC:  3    Str: 10    XL:     4   Next: 17%
Gold:   33         EV: 11    Int: 16    God:
                   SH:  0    Dex: 13

rFire   + + .      SeeInvis .     - Unarmed
rCold   x . .      Faith    .   (no shield)
rNeg    + . .      Spirit   .   a - +0 leather armour
rPois   ∞          Reflect  .   (no helmet)
rElec   .          Harm     .   (no cloak)
rCorr   .          Rampage  .   (no gloves)
Will    .....                   (boots unavailable)
Stlth   ++........              (no amulet)
HPRegen 0.11/turn               g - ring of positive energy
MPRegen 0.00/turn               (no ring)

@: flying
A: sickness immunity, fire resistance 2, cold vulnerability 1, float, innate
caster, hp casting, extra vitality 1
a: no special abilities


You were on level 2 of the Dungeon.
You visited 1 branch of the dungeon, and saw 2 of its levels.

You collected 33 gold pieces.

Inventory:

Missiles
 j - 5 boomerangs (quivered)
Armour
 a - a +0 leather armour (worn)
Jewellery
 g - a ring of positive energy (left hand)
Scrolls
 b - 2 scrolls of blinking
 d - a scroll of vulnerability {unknown}
 f - 2 scrolls of teleportation {unknown}
 i - 2 scrolls of identify {unknown}
Potions
 e - a potion of ambrosia


   Skills:
 - Level 2.0 Fighting
 - Level 0.7 Throwing
 - Level 1.0 Armour
 - Level 2.1 Dodging
 + Level 3.1 Stealth
 - Level 2.0 Unarmed Combat
 - Level 2.4 Spellcasting


You couldn't memorise any spells.
You knew the following spells:

 Your Spells              Type           Power      Damage    Failure   Level
a - Blink                 Tloc           18%        N/A       16%         2
b - Lesser Beckoning      Tloc           9%         N/A       30%         3
c - Gell's Gravitas       Tloc           9%         N/A       30%         3
d - Teleport Other        Tloc           9%         N/A       30%         3
e - Manifold Assault      Tloc           9%         N/A       95%         5
f - Magic Dart            Conj           36%        1d4       10%         1
Your spell library was empty.

Dungeon Overview and Level Annotations

Branches:
Dungeon (2/15)

Altars:

Shops:
D:1 :


Innate Abilities, Weirdness & Mutations

You are immune to sickness and miasma.
You are immune to poison.
Your flesh is very heat resistant. (rF++)
You are vulnerable to cold. (rC-)
You float through the air rather than walking.
You learn spells naturally, not from books.
Your magical power is your life essence.
You have superior vitality. (+4 MHP)


Message History

The gnoll hits you but does no damage. x2
It was a potion of curing.
You feel better.
You feel less invigorated. The gnoll hits you but does no damage.
The gnoll hits you from afar with a +2 spear of flaming.
The gnoll burns you.
Casting: Magic Dart (safe; 8% risk of failure)
Confirm with . or Enter, or press ? or * to list all spells.
Aiming: Teleport Other (dangerous; 22% risk of failure)
Press: ? - help, Shift-Dir - straight line, f/p - gnoll
Aim: a gnoll, wielding a +2 spear of flaming (heavily wounded, chance to affect: 55%)
The gnoll looks slightly unstable.
The gnoll hits you but does no damage. x2
Casting: Teleport Other (dangerous; 22% risk of failure)
Confirm with . or Enter, or press ? or * to list all spells.
Aiming: Teleport Other (dangerous; 22% risk of failure)
Press: ? - help, Shift-Dir - straight line, f - gnoll, p - gnoll
Aim: a gnoll, wielding a +0 spear (chance to affect: 55%)
The gnoll looks slightly unstable.
Your transformation is almost over.
The gnoll hits you but does no damage.
The gnoll hits you from afar with a +2 spear of flaming!
The gnoll burns you.
* * * LOW HITPOINT WARNING * * *
The gnoll disappears! x2
You start resting.
You feel less wooden.
Your +0 leather armour unmelds from your body.
You start resting.
A gnoll is nearby!
The gnoll hits you from afar with a +2 spear of flaming.
* * * LOW HITPOINT WARNING * * *
Throw: 5 boomerangs
Press: ? - help, Q - select action, (/) - cycle Shift-Dir - straight line, f - gnoll
Aim: a gnoll, wielding a +2 spear of flaming (heavily wounded, 61% to hit)
You throw a boomerang.
The boomerang hits the gnoll but does no damage.
The gnoll is heavily wounded.
The gnoll hits you from afar with a +2 spear of flaming.
* * * LOW HITPOINT WARNING * * *
The gnoll burns you.
You die...

#.#.#.#......#
#...... #
..#.#.##+###
#.##### #.#..
#.# #.##.# #.#
#.# .# #.# #.#
.# #)# #)# .#
#.# #.# .#
#####.# #@#
#.....# #.#
#.##### g.#
#.# #..# #.#
#..# #.# #..#
#.# #### #.#
#.#####
#.....#


You could see a gnoll.

Vanquished Creatures
  An adder (D:2)
  A worm (D:2)
  A dart slug (D:1)
  6 bats (D:1)
  5 endoplasms
  2 giant cockroaches (D:1)
  4 goblins
  3 hobgoblins (D:1)
  3 jackals (D:2)
  A quokka (D:1)
  2 ball pythons
  A frilled lizard (D:1)
  4 kobolds
  4 rats
38 creatures vanquished.

Notes
Turn   | Place    | Note
-------+----------+-------------------------------------------
     0 | D:1      | Shayle the Djinni Warper began the quest for the Orb.
     0 | D:1      | Reached XP level 1. HP: 18/18 MP: 0/0
   149 | D:1      | Reached skill level 1 in Stealth
   203 | D:1      | Reached XP level 2. HP: 23/23 MP: 0/0
   667 | D:1      | Reached skill level 2 in Stealth
   811 | D:1      | Reached XP level 3. HP: 28/28 MP: 0/0
   811 | D:1      | Learned a level 1 spell: Magic Dart
  1164 | D:1      | Found Reloacam's Book Boutique.
  1970 | D:2      | Reached XP level 4. HP: 20/33 MP: 0/0
  1981 | D:2      | Reached skill level 3 in Stealth
  2464 | D:2      | HP: 1/33 [gnoll (6)]
  2464 | D:2      | Slain by a gnoll

Illustrated notes

Levels and vault maps discovered:
D:1:      evilmike_arrival_hilbert_curve, layout_rooms, serial_shops,
          nicolae_shop_hallway_plus, minivault_27, minmay_misc_feat_hallway,
          kennysheep_boxes
D:2:      layout_basic, basic_altar, minmay_goblin_kobold_house

Skill      XL: |  1  2  3  4 |
---------------+-------------+-----
Stealth        | 1 2 3 |  3.1
Fighting       | |  2.0
Throwing       | |  0.7
Armour         | |  1.0
Dodging        | |  2.1
Unarmed Combat | |  2.0
Spellcasting   | |  2.4

Action                   |  1- 3 |  4- 6 || total
-------------------------+-------+-------++-------
Melee: Unarmed           |   129 |    32 ||   161
       Punch             |       |     2 ||     2
Throw: Boomerang         |     3 |     5 ||     8
 Cast: Magic Dart        |    28 |       ||    28
       Teleport Other    |       |     2 ||     2
  Use: Potion            |       |     4 ||     4
 Stab: Sleeping          |     2 |     1 ||     3
Armor: Leather armour    |    39 |     3 ||    42
       Skin              |       |     7 ||     7
Dodge: Dodged            |    81 |    18 ||    99

Table legend: (Time is in decaauts)
 A = Elapsed time spent in this place.
 B = Non-inter-level travel time spent in this place.
 C = Inter-level travel time spent in this place.
 D = Time resting spent in this place.
 E = Time spent auto-exploring this place.
 F = Levels seen in this place.
 G = Mean time per level.
                   A        B        C        D        E       F      G
               +--------+--------+--------+--------+--------+-----+--------+
         Total |   2458 |   2427 |     31 |    536 |   1453 |   2 | 1229.0 |
       Dungeon |   2458 |   2427 |     31 |    536 |   1453 |   2 | 1229.0 |
               +--------+--------+--------+--------+--------+-----+--------+

Top non-repeatable levels by time:
     D:1: 1661 daAuts
     D:2: 796 daAuts
